 Dungeon Crawl Stone Soup version 0.26-a0-639-g72c4674329 (webtiles) character file.

Game seed: 2637860822296316834

543 blobalot the Chopper (level 7, 0/41 HPs)
             Began as a Deep Elf Fighter on Sept 19, 2020.
             Was an Initiate of Cheibriados.
             Slain by an ogre
             ... wielding a cursed -1 giant club
              (21 damage)
             ... on level 4 of the Dungeon.
             The game lasted 00:11:20 (4763 turns).

blobalot the Chopper (Deep Elf Fighter)             Turns: 4763, Time: 00:11:21

Health: 0/41       AC: 17    Str: 16    XL:     7   Next: 6%
Magic:  10/10      EV:  4    Int: 14    God:    Cheibriados [......]
Gold:   257        SH:  8    Dex: 15    Spells: 6/6 levels left

rFire    . . .     SeeInvis .   p - +0 broad axe
rCold    . . .     Faith    .   c - +0 kite shield
rNeg     . . .     Spirit   .   g - +0 chain mail
rPois    .         Reflect  .   r - +2 helmet
rElec    .         Harm     .   (no cloak)
rCorr    .         Rampage  .   k - +1 pair of gloves
MR       .....                  s - +2 pair of boots
Stlth    ..........             (no amulet)
HPRegen  0.13/turn              (no ring)
MPRegen  0.12/turn              (no ring)

@: very slow
A: no striking features
a: Bend Time, Renounce Religion


You were on level 4 of the Dungeon.
You worshipped Cheibriados.
Cheibriados was noncommittal.
You visited 1 branch of the dungeon, and saw 4 of its levels.

You collected 257 gold pieces.

Inventory:

Hand Weapons
 a - a +0 war axe
 f - a +2 dagger of venom
 p - a +0 broad axe (weapon)
Armour
 c - a +0 kite shield (worn)
 g - a +0 chain mail (worn)
 k - a +1 pair of gloves (worn)
 r - a +2 helmet (worn)
 s - a +2 pair of boots (worn)
Scrolls
 h - 2 scrolls of teleportation {unknown}
 i - a scroll of enchant armour
 l - a scroll of magic mapping {unknown}
 m - a scroll of blinking {unknown}
 o - 2 scrolls of remove curse {unknown}
 q - 3 scrolls of identify
 u - a scroll of fear {unknown}
Potions
 d - a potion of invisibility
 e - a potion of berserk rage
 n - a potion of ambrosia


   Skills:
 + Level 3.5 Fighting
 + Level 4.7 Axes
 + Level 3.5 Armour
 - Level 0.6 Stealth
 - Level 2.4 Shields
 * Level 2.3 Invocations


You had 6 spell levels left.
You didn't know any spells.
Your spell library contained the following spells:

 Spells                   Type           Power        Failure   Level
 Animate Skeleton         Necr           #.....       100%        1
 Apportation              Tloc           #.....       100%        1
 Corona                   Hex            #......      100%        1
 Summon Small Mammal      Summ           #...         100%        1


Dungeon Overview and Level Annotations

Branches:
Dungeon (4/15)
 Temple: D:4-7

Altars:
Cheibriados
Kikubaaqudgha
Ru
Vehumet

Annotations:
D:1 exclusion: 2 downstairs
D:2 exclusion: downstairs
D:3 exclusions: downstairs and upstairs


Message History

The ogre is severely wounded.
The ogre hits you but does no damage.
You hit the ogre.
The ogre is almost dead.
The ogre hits you with a cursed -1 giant club!
You are too injured to fight recklessly!
You are too injured to fight recklessly!
You are too injured to fight recklessly!
You barely miss the ogre.
The ogre is almost dead.
You block the ogre's attack.
You hit the ogre.
The ogre is almost dead.
You block the ogre's attack.
You barely miss the ogre.
The ogre is almost dead.
You block the ogre's attack.
The ogre hits you with a cursed -1 giant club!!
Ouch! That really hurt!
You die...

#.# #.# #.#.....
########.###########.#####.#####.
.................................
##....##.###########.###.#.####.#
#....##.# #.# #.#..(....
##....##.###########.###.######.#
..........................# #.#
########.###########.###..#####.#
#........@O.#.#.......).<.
###########.#.#####.######
.#............. .#.#.###.......
.#.#.# #....... .#.#.# #.......
.#.#.# ##...... .#.#.# #......
#.#.# #......


You could see an ogre.

Vanquished Creatures
  An ice beast (D:4)
  A phantom (D:4)
  Blork the orc (D:4)
  2 hounds (D:4)
  An orc wizard (D:4)
  A centaur skeleton (D:4)
  Robin (D:3)
  5 adders
  3 gnolls (D:3)
  2 oozes
  A worm (D:4)
  2 dart slugs
  2 leopard geckos
  6 orcs
  3 giant cockroaches
  13 goblins
  8 hobgoblins
  4 jackals (D:2)
  2 quokkas
  A ball python (D:2)
  7 bats
  5 frilled lizards
  6 kobolds
  13 rats
91 creatures vanquished.

Notes
Turn   | Place    | Note
-------+----------+-------------------------------------------
     0 | D:1      | blobalot the Deep Elf Fighter began the quest for the Orb.
     0 | D:1      | Reached XP level 1. HP: 13/13 MP: 3/3
   215 | D:1      | Reached XP level 2. HP: 18/18 MP: 4/4
   634 | D:2      | Reached skill level 2 in Axes
   673 | D:2      | Found an ancient bone altar of Kikubaaqudgha.
   803 | D:2      | Reached XP level 3. HP: 22/22 MP: 5/5
   924 | D:2      | Noticed a big kobold
  1452 | D:2      | Found a radiant altar of Vehumet.
  1786 | D:3      | Noticed Robin
  1789 | D:3      | Killed Robin
  2151 | D:3      | Reached XP level 4. HP: 27/27 MP: 6/6
  2492 | D:3      | Reached skill level 3 in Axes
  2984 | D:3      | Reached XP level 5. HP: 27/32 MP: 7/7
  3215 | D:3      | Found a sacrificial altar of Ru.
  3281 | D:3      | Found a snail-covered altar of Cheibriados.
  3304 | D:3      | Became a worshipper of Cheibriados the Contemplative
  3809 | D:4      | Noticed a sky beast
  3810 | D:4      | Noticed an ice beast
  3810 | D:4      | a sky beast changed into an ice beast
  3824 | D:4      | Killed an ice beast
  3824 | D:4      | Reached skill level 1 in Invocations
  3824 | D:4      | Reached XP level 6. HP: 37/37 MP: 8/8
  3843 | D:4      | Reached skill level 4 in Axes
  3855 | D:4      | Noticed Blork the orc
  4425 | D:4      | Killed Blork the orc
  4425 | D:4      | Reached XP level 7. HP: 32/41 MP: 10/10
  4763 | D:4      | Slain by an ogre

Illustrated notes

Levels and vault maps discovered:
D:1:      evilmike_arrival_home_sweet_home, layout_basic
D:2:      layout_loops_ring, kiku_gazebo_pond_becter, vehumet_crystals,
          corexii_corridor_pit, minivault_11
D:3:      layout_rooms, kennysheep_slug_shrine, nicolae_ru_path_of_blood,
          uniq_robin
D:4:      layout_basic, uniq_blork_the_orc

Skill      XL: |  1  2  3  4  5  6 |
---------------+-------------------+-----
Axes           | 2 3 4 |  4.7
Armour         | 3 |  3.5
Fighting       | 3 |  3.5
Invocations    | 1 2 |  2.3
Stealth        | |  0.6
Shields        | |  2.4

Action                   |  1- 3 |  4- 6 |  7- 9 || total
-------------------------+-------+-------+-------++-------
Melee: War axe           |   105 |       |       ||   105
       Broad axe         |    18 |   202 |     7 ||   227
Evoke: Wand              |       |     2 |       ||     2
  Use: Potion            |       |     4 |       ||     4
       Scroll            |       |     7 |       ||     7
Armor: Scale mail        |    15 |       |       ||    15
       Chain mail        |    74 |   147 |     2 ||   223
Dodge: Dodged            |    24 |    36 |       ||    60
Block: Kite shield       |    67 |    89 |     3 ||   159

Table legend: (Time is in decaauts)
 A = Elapsed time spent in this place.
 B = Non-inter-level travel time spent in this place.
 C = Inter-level travel time spent in this place.
 D = Time resting spent in this place.
 E = Time spent auto-exploring this place.
 F = Levels seen in this place.
 G = Mean time per level.
                   A        B        C        D        E       F      G
               +--------+--------+--------+--------+--------+-----+--------+
         Total |   5148 |   4957 |    191 |   1474 |   2264 |   4 | 1287.0 |
       Dungeon |   5148 |   4957 |    191 |   1474 |   2264 |   4 | 1287.0 |
               +--------+--------+--------+--------+--------+-----+--------+

Top non-repeatable levels by time:
     D:4: 1655 daAuts
     D:2: 1427 daAuts
     D:3: 1288 daAuts
     D:1: 776 daAuts
